 Dungeon Crawl Stone Soup version 0.27.0-66-gdc8fb28755 (webtiles) character file.

Game seed: 2368210357942172444

210 Spectrina the Covert (level 5, 0/31 HPs)
             Began as a Vampire Delver on Aug 20, 2021.
             Slain by a mummy (12 damage)
             ... in an ossuary.
             The game lasted 00:06:38 (804 turns).

Spectrina the Covert (Vampire Delver)                Turns: 804, Time: 00:06:38

Health: 0/31       AC:  3    Str: 11    XL:     5   Next: 57%
Magic:  5/5        EV: 12    Int: 13    God:
Gold:   57         SH:  0    Dex: 22    Spells: 4/4 levels left

rFire    . . .     SeeInvis +   r - +1 dagger (chaos)
rCold    + + .     Faith    .   (no shield)
rNeg     + + +     Spirit   .   b - +0 leather armour
rPois    ∞         Reflect  .   (no helmet)
rElec    .         Harm     .   (no cloak)
rCorr    .         Rampage  .   (no gloves)
Will     .....                  (no boots)
Stlth    +++++++...             (no amulet)
HPRegen  0.00/turn              j - +6 ring of dexterity
MPRegen  0.09/turn              (no ring)

@: bloodless, inhibited regen
A: bloodless, fangs 3, see invisible, vampiric 2
a: Bat Form, Revivify


You were in an ossuary.
You visited 1 branch of the dungeon, and saw 5 of its levels.
You also visited: Ossuary.

You collected 57 gold pieces.

Inventory:

Hand Weapons
 a - a +0 short sword
 p - a +0 dagger
 q - a +0 falchion
 r - a +1 dagger of chaos (weapon)
Missiles
 h - 36 bolts
 i - 41 sling bullets
 k - 7 poisoned darts
 l - a throwing net
 n - 45 stones (quivered)
Armour
 b - a +0 leather armour (worn)
 o - a +0 plate armour
Jewellery
 j - a +6 ring of dexterity (left hand)
Wands
 g - a wand of digging (3)
Scrolls
 c - a scroll of fog
 d - 2 scrolls of immolation
 e - a scroll of fear
 m - 2 scrolls of enchant armour {unknown}
Potions
 f - 3 potions of haste
 s - a potion of might {unknown}


   Skills:
 - Level 2.6 Fighting
 - Level 2.1 Short Blades
 - Level 2.1 Dodging
 + Level 11.2 Stealth


You had 4 spell levels left.
You didn't know any spells.
Your spell library contained the following spells:

 Spells                   Type           Power      Damage    Failure   Level
 Ignite Poison            Fire/Tmut/Pois 0%         N/A       77%         3
 Mephitic Cloud           Conj/Pois/Air  0%         N/A       77%         3
 Bolt of Magma            Conj/Fire/Erth 0%         4d4       100%        5


Dungeon Overview and Level Annotations

Branches:
Dungeon (6/15)            Ossuary (1/1)
 Temple: D:4-7

Altars:
Xom
The Shining One


Innate Abilities, Weirdness & Mutations

You do not regenerate when monsters are visible.
You are frail without blood (-20% HP).
You can heal yourself when you bite living creatures.
You are immune to poison.
You have razor-sharp teeth.
You have supernaturally acute eyesight. (SInv)
You are afflicted with vampirism and can become a bat while bloodless.


Message History

There is an open door here.
Okay, then.
Okay, then.
There is an open door here.
You open the door.
There is an open door here.
Found four items.
A mummy comes into view.
Found a scroll of fog.
Unknown command.
There is an open door here.
Throw: 48 stones
Press: ? - help, Q - select action, (/) - cycle Shift-Dir - straight line, f - mummy
Aim: a mummy (77% to hit)
You throw a stone. The stone hits the mummy.
The mummy is lightly damaged.
Throw: 47 stones
Press: ? - help, Q - select action, (/) - cycle Shift-Dir - straight line, f/p - mummy
Aim: a mummy (lightly damaged, 77% to hit)
You throw a stone.
The stone hits the mummy but does no damage.
The mummy is lightly damaged.
There is an open door here.
You close the door.
There is an open door here.
As you close the door, it creaks loudly!
You start resting.
A mummy opens the door.
Throw: 46 stones
Press: ? - help, Q - select action, (/) - cycle Shift-Dir - straight line, f/p - mummy
Aim: a mummy (lightly damaged, 77% to hit)
You throw a stone.
The stone hits the mummy but does no damage.
The mummy is lightly damaged.
You hit the mummy.
The mummy easily resists.
The mummy is lightly damaged.
You barely miss the mummy.
The mummy is lightly damaged.
The mummy hits you!
You die...

##### #.?.# #...#
##.## ###.#
###+### #.'.##
##...^.## #
###..###.......###
#@M(..#.........#^
###...'....⌠...((.
#.'...#.........#.
###..###...M...###
#.'.## ##.....## #
###.# ###'###
##.## #.# #?.!#
##.## #!??# #.∩.#
#


You could see a mummy.

Vanquished Creatures
  An ogre (D:4)
  A scorpion (D:5)
  2 mummies (Ossuary)
  2 adders (D:4)
  2 orcs (D:5)
  2 ball pythons
  An endoplasm (D:4)
  2 giant cockroaches (D:3)
  A goblin (D:2)
  A quokka (D:3)
  A frilled lizard (D:2)
  A goblin zombie (Ossuary)
  2 hobgoblin zombies (Ossuary)
  3 kobolds (D:4)
  An orc zombie (Ossuary)
  2 rats
25 creatures vanquished.

Notes
Turn   | Place    | Note
-------+----------+-------------------------------------------
     0 | D:5      | Spectrina the Vampire Delver began the quest for the Orb.
     0 | D:5      | Reached XP level 1. HP: 17/17 MP: 1/1
     7 | D:5      | Noticed a scorpion
   119 | D:6      | Noticed a centaur
   143 | D:5      | Killed a scorpion
   144 | D:5      | Reached skill level 9 in Stealth
   144 | D:5      | Reached XP level 2. HP: 13/18 MP: 2/2
   144 | D:5      | Gained mutation: You are afflicted with vampirism and can
                  | become a bat while bloodless. [Vampire growth]
   144 | D:5      | Reached XP level 3. HP: 16/22 MP: 3/3
   289 | D:2      | Reached XP level 4. HP: 27/27 MP: 4/4
   452 | D:4      | Found a large runed translucent door.
   472 | D:4      | Found a large runed translucent door.
   472 | D:4      | Found a shimmering altar of Xom.
   618 | D:4      | Noticed an ogre
   624 | D:4      | Killed an ogre
   625 | D:4      | Reached skill level 10 in Stealth
   625 | D:4      | Reached XP level 5. HP: 31/31 MP: 5/5
   685 | D:4      | Found a sand-covered staircase.
   689 | Ossuary  | Entered an ossuary
   724 | Ossuary  | Reached skill level 11 in Stealth
   804 | Ossuary  | Slain by a mummy

Illustrated notes

Levels and vault maps discovered:
D:2:      layout_basic, minmay_hexomino_f4
D:3:      layout_basic
D:4:      due_chaos_kobolds, layout_basic, kennysheep_little_box,
          mainiacjoe_overflow_small_starburst, nicolae_ossuary_entry_plus,
          minmay_stone_trees_small, minmay_shop_damaged
D:5:      layout_basic, lemuel_tele_altar, minmay_temple_entry_glassed_door
D:6:      layout_cave_pods, nicolae_elyvilon_peaceful_grove,
          nemelex_spade_bored_becter, minmay_between
Ossuary:  ossuary_crypta

Skill      XL: |  1  2  3  4  5 |
---------------+----------------+-----
Stealth        | 9 10 11 | 11.2
Fighting       | |  2.6
Short Blades   | |  2.1
Dodging        | |  2.1

Action                   |  1- 3 |  4- 6 || total
-------------------------+-------+-------++-------
Melee: Short sword       |    24 |    17 ||    41
       Bite              |     2 |     4 ||     6
       Dagger            |       |    17 ||    17
Throw: Stone             |       |     3 ||     3
 Abil: Exsanguinate      |     1 |       ||     1
  Use: Scroll            |       |     1 ||     1
 Stab: Sleeping          |     3 |    13 ||    16
Armor: Leather armour    |     3 |     6 ||     9
Dodge: Dodged            |    15 |     6 ||    21
